 Dungeon Crawl Stone Soup version 0.27-a0-1532-gca18f49f40 (webtiles) character file.

Game seed: 1929204881876516085

422 garrulousMonolith the Skirmisher (level 7, -8/52 HPs)
             Began as a Djinni Air Elementalist on July 12, 2021.
             Was an Initiate of Gozag.
             Mangled by an iguana (12 damage)
             ... on level 5 of the Dungeon.
             The game lasted 00:04:56 (5499 turns).

garrulousMonolith the Skirmisher (DjAE)             Turns: 5499, Time: 00:04:56

Health: -8/52      AC:  4    Str:  7    XL:     7   Next: 17%
Gold:   225        EV: 12    Int: 18    God:    Gozag SH:  0 Dex: 14

rFire    + + .     SeeInvis .   (no weapon)
rCold    x . .     Faith    .   (no shield)
rNeg     . . .     Spirit   .   l - +0 leather armour
rPois    ∞         Reflect  .   (no helmet)
rElec    .         Harm     .   (no cloak)
rCorr    .         Rampage  .   c - +0 pair of gloves
Will     .....                  (boots unavailable)
Stlth    ++........             (no amulet)
HPRegen  0.17/turn              (no ring)
MPRegen  0.00/turn              (no ring)

@: flying, very slightly contaminated
A: sickness immunity, fire resistance 2, cold vulnerability 1, float, innate
caster, hp casting, extra vitality 1
a: Renounce Religion, Potion Petition, Call Merchant, Bribe Branch


You were on level 5 of the Dungeon.
You worshipped Gozag.
Gozag was aware of your devotion.
You visited 1 branch of the dungeon, and saw 5 of its levels.

You collected 266 gold pieces.
You paid 41 gold pieces to Gozag.

Inventory:

Missiles
 u - 2 curare-tipped darts
Armour
 c - a +0 pair of gloves (worn)
 l - a +0 leather armour (worn)
Jewellery
 r - a ring of magical power
Wands
 m - a wand of paralysis (6)
Scrolls
 e - a scroll of teleportation
 f - a scroll of noise {unknown}
 j - a scroll of enchant weapon {unknown}
 q - 3 scrolls of fear {unknown}
 s - a scroll of brand weapon {unknown}
Potions
 a - a potion of ambrosia {unknown}
 b - a potion of flight {unknown}
 d - a potion of brilliance {unknown}
 g - 3 potions of lignification
 h - 3 potions of curing
 k - a potion of haste {unknown}
 n - a potion of mutation {unknown}
 o - 2 potions of invisibility
 p - 2 potions of might
 t - a potion of magic {unknown}


   Skills:
 * Level 4.1 Fighting
 + Level 3.9 Dodging
 - Level 2.0 Stealth
 * Level 4.0 Spellcasting


You couldn't memorise any spells.
You knew the following spells:

 Your Spells              Type           Power      Damage    Failure   Level
a - Shock                 Conj/Air       72%        1d7       4%          1
b - Airstrike             Air            9%         N/A       38%         4
c - Static Discharge      Conj/Air       18%        N/A       6%          2
d - Swiftness             Air            18%        N/A       12%         3
e - Beastly Appendage     Tmut           36%        N/A       4%          1
f - Call Imp              Summ           18%        N/A       6%          2
g - Gell's Gravitas       Tloc           9%         N/A       12%         3
Your spell library was empty.

Dungeon Overview and Level Annotations

Branches:
Dungeon (5/15)
 Temple: D:4-7

Altars:
Cheibriados
Gozag


Innate Abilities, Weirdness & Mutations

You are immune to sickness and miasma.
You are immune to poison.
Your flesh is very heat resistant. (rF++)
You are vulnerable to cold. (rC-)
You float through the air rather than walking.
You learn spells naturally, not from books.
Your magical power is your life essence.
You have superior vitality. (+4 HP)


Message History

The zap hits the iguana.
The iguana is lightly wounded.
Casting: Shock (safe; 4% risk of failure)
Confirm with . or Enter, or press ? or * to list all spells.
Aiming: Shock (safe; 4% risk of failure)
Press: ? - help, Shift-Dir - straight line, f/p - iguana
Aim: an iguana (lightly wounded, 75% to hit)
The zap hits the iguana but does no damage.
The iguana is lightly wounded.
The iguana bites you!
Casting: Shock (safe; 4% risk of failure)
Confirm with . or Enter, or press ? or * to list all spells.
The iguana is struck by an arc of lightning.
The iguana is heavily wounded.
You are struck by an arc of lightning.
The lightning grounds out.
The iguana misses you.
Casting: Static Discharge (safe; 6% risk of failure)
Confirm with . or Enter, or press ? or * to list all spells.
The iguana is struck by an arc of lightning.
The iguana is severely wounded.
You are struck by an arc of lightning.
* * * LOW HITPOINT WARNING * * *
The lightning grounds out.
* * * LOW HITPOINT WARNING * * *
The iguana barely misses you.
Casting: Static Discharge (safe; 6% risk of failure)
Confirm with . or Enter, or press ? or * to list all spells.
The iguana is struck by an arc of lightning.
The iguana is almost dead.
The lightning grounds out.
* * * LOW HITPOINT WARNING * * *
The iguana bites you!
* * * LOW HITPOINT WARNING * * *
Aiming: Paralyse
Press: ? - help, Shift-Dir - straight line, f/p - iguana
Aim: an iguana (almost dead, chance to affect: 54%)
The iguana resists with significant effort.
The iguana bites you!
You die...
Your body crumbles into a pile of gold.

.##....... .<....#..
#....#.. $
.......#....#.#
.......#....#$#
.............+
...........l# ##
####........$@#####....
.......................
................###....
####............# .
........#.......#
#######.#.....###
#<...#.#.###.#
##...#.#.# #.#
#.###.#.# #.#


You could see an iguana.

Vanquished Creatures
  An ogre (D:4)
  A scorpion (D:5)
  2 hounds (D:4)
  An orc priest (D:5)
  Ijyb (D:3)
  A hound skeleton (D:4)
  5 adders
  An ufetubus (D:4)
  A worm (D:3)
  3 dart slugs (D:1)
  2 orcs (D:5)
  8 ball pythons
  8 bats
  10 endoplasms
  5 giant cockroaches
  9 hobgoblins
  4 jackals (D:4)
  6 kobolds
  5 quokkas
  A frilled lizard (D:1)
  7 goblins
  A jackal skeleton (D:4)
  4 rats (D:2)
87 creatures vanquished.

Vanquished Creatures (others)
  15 plants (D:4)
15 creatures vanquished.

Grand Total: 102 creatures vanquished

Notes
Turn   | Place    | Note
-------+----------+-------------------------------------------
     0 | D:1      | garrulousMonolith the Djinni Air Elementalist began the
                  | quest for the Orb.
     0 | D:1      | Reached XP level 1. HP: 15/15 MP: 0/0
   148 | D:1      | Reached XP level 2. HP: 18/22 MP: 0/0
   474 | D:1      | Reached skill level 1 in Fighting
   700 | D:1      | Reached XP level 3. HP: 25/27 MP: 0/0
   700 | D:1      | Learned a level 1 spell: Beastly Appendage
  1489 | D:1      | Found a faded altar of an unknown god.
  1711 | D:2      | Reached XP level 4. HP: 29/33 MP: 0/0
  2059 | D:2      | Found a snail-covered altar of Cheibriados.
  2421 | D:2      | Reached XP level 5. HP: 38/39 MP: 0/0
  2421 | D:2      | Learned a level 2 spell: Call Imp
  2904 | D:3      | Noticed Ijyb
  2936 | D:3      | Killed Ijyb
  4132 | D:4      | Found an opulent altar of Gozag.
  4138 | D:4      | Became a worshipper of Gozag Ym Sagoz the Greedy
  4444 | D:4      | Reached XP level 6. HP: 35/46 MP: 0/0
  4462 | D:4      | Noticed an ogre
  4474 | D:4      | Killed an ogre
  5321 | D:5      | Entered Level 5 of the Dungeon
  5363 | D:5      | Reached XP level 7. HP: 25/52 MP: 0/0
  5363 | D:5      | Learned a level 3 spell: Gell's Gravitas
  5499 | D:5      | Mangled by an iguana

Illustrated notes

Levels and vault maps discovered:
D:1:      minmay_arrival_doors, layout_rooms,
          hellmonk_ecumenical_altar_inner_sanctum
D:2:      layout_loops_ring, basic_altar, minmay_bisected
D:3:      layout_loops_corners, uniq_ijyb
D:4:      minmay_angry_zag, layout_basic, grunt_gozag_statues,
          minmay_stone_trees_large, chequers_big_river,
          eino_small_chamber_without_monster
D:5:      layout_basic, minmay_misc_feat_room

Skill      XL: |  1  2  3  4  5  6 |
---------------+-------------------+-----
Fighting       | 1 2 3 4 |  4.1
Stealth        | 2 |  2.0
Spellcasting   | 3 4 |  4.0
Dodging        | 3 |  3.9

Action                   |  1- 3 |  4- 6 |  7- 9 || total
-------------------------+-------+-------+-------++-------
 Cast: Shock             |    88 |   117 |     9 ||   214
       Static Discharge  |     2 |    12 |     6 ||    20
       Call Imp          |       |     1 |       ||     1
Evoke: Wand              |       |       |     1 ||     1
  Use: Scroll            |       |     5 |       ||     5
Armor: Robe              |     7 |       |       ||     7
       Leather armour    |       |    10 |       ||    10
Dodge: Dodged            |    16 |    28 |     2 ||    46

Table legend: (Time is in decaauts)
 A = Elapsed time spent in this place.
 B = Non-inter-level travel time spent in this place.
 C = Inter-level travel time spent in this place.
 D = Time resting spent in this place.
 E = Time spent auto-exploring this place.
 F = Levels seen in this place.
 G = Mean time per level.
                   A        B        C        D        E       F      G
               +--------+--------+--------+--------+--------+-----+--------+
         Total |   5500 |   5217 |    283 |    735 |   4036 |   5 | 1100.0 |
       Dungeon |   5500 |   5217 |    283 |    735 |   4036 |   5 | 1100.0 |
               +--------+--------+--------+--------+--------+-----+--------+

Top non-repeatable levels by time:
     D:1: 1669 daAuts
     D:4: 1489 daAuts
     D:3: 1198 daAuts
     D:2: 964 daAuts
     D:5: 177 daAuts
